BR (22 & UNDER)
ELKINS STING RAYS @ OCEANSIDE SWAMP FOXES
09/17/2028
 
TOP OF THE 1ST
Elkins Sting Rays batting - Pitching for Oceanside Swamp Foxes : LHP Jerry Saunders
Pitching: LHP Jerry Saunders
Batting: SHB Carlos González 0-0: Ball
1-0: Ball
2-0: Ground out 5-3 (Groundball, 5)
Batting: RHB Pedro Betancourt 0-0: Ball
1-0: Ball
2-0: Foul Ball, location: 2F
2-1: Called Strike
2-2: Ball
3-2: Foul Ball, location: 2F
3-2: Base on Balls
Batting: RHB Ryan Nelson 0-0: Ball
Pedro Betancourt is caught stealing 2nd base
1-0: Called Strike
1-1: Foul Ball, location: 2F
1-2: Strikes out swinging
Top of the 1st over - 0 run(s), 0 hit(s), 0 error(s), 0 left on base; Elkins 0 - Oceanside 0
BOTTOM OF THE 1ST
Oceanside Swamp Foxes batting - Pitching for Elkins Sting Rays : LHP Mario Lugo
Pitching: LHP Mario Lugo
Batting: LHB Bob Huerta 0-0: Ball
1-0: Ball
2-0: Ball
3-0: Called Strike
3-1: Fly out, F8 (Flyball, 78D)
Batting: RHB Michael Reed 0-0: DOUBLE (Line Drive, 7D)
Batting: RHB Armando García 0-0: Ball
1-0: Foul Ball, location: 2F
1-1: Swinging Strike
1-2: Ball
2-2: Foul Ball, location: 2F
2-2: Ball
3-2: Base on Balls
Batting: RHB Carlos Sánchez 0-0: Ball
1-0: Called Strike
1-1: Ball
Wild Pitch!
Michael Reed to third
Armando García to second
2-1: Fly out, F9 (Flyball, 9S)
Batting: RHB Salvador Castro 0-0: Called Strike
0-1: Fly out, F8 (Line Drive, 8LM)
Bottom of the 1st over - 0 run(s), 1 hit(s), 0 error(s), 2 left on base; Elkins 0 - Oceanside 0
TOP OF THE 2ND
Elkins Sting Rays batting - Pitching for Oceanside Swamp Foxes : RHP John Stephenson
Pitching: RHP John Stephenson
Batting: RHB Bill Andrews 0-0: SINGLE (Flyball, 9LS)
Batting: LHB Ángel Flores 0-0: Ball
1-0: Swinging Strike
1-1: Foul Ball, location: 2F
1-2: Ball
2-2: Ball
3-2: SINGLE (Groundball, 56D)
Bill Andrews to second
Batting: SHB Ron Winston 0-0: Ball
1-0: SINGLE (Groundball, 6MD)
Bill Andrews to third
Ángel Flores to second
Batting: LHB Carlos Músquez 0-0: Ball
1-0: Foul Ball, location: 2F
1-1: Called Strike
1-2: Strikes out swinging
Batting: SHB Rodolphe Dettori 0-0: Called Strike
0-1: Ball
1-1: SINGLE (Line Drive, 34)
Bill Andrews scores
Ángel Flores to third
Ron Winston to second
Batting: RHB Armando Blanco 0-0: Foul Ball, location: 2F
0-1: Ball
1-1: DOUBLE (Flyball, 9LM)
Ángel Flores scores
Ron Winston scores
Rodolphe Dettori to third
Runner from 3rd tries for Home, SAFE, throw made home
Pitching: LHP Miguel Olivarez
Batting: SHB Carlos González 0-0: Ball
1-0: Ball
2-0: Ball
3-0: Called Strike
3-1: SINGLE (Flyball, 6MD)
Armando Blanco to third
Batting: RHB Pedro Betancourt 0-0: Called Strike
0-1: Ball
Carlos González is caught stealing 2nd base
1-1: Ground out 5-3 (Groundball, 5S)
Top of the 2nd over - 4 run(s), 6 hit(s), 0 error(s), 1 left on base; Elkins 4 - Oceanside 0
BOTTOM OF THE 2ND
Oceanside Swamp Foxes batting - Pitching for Elkins Sting Rays : LHP Mario Lugo
Batting: RHB Brian Brown 0-0: Ball
1-0: SINGLE (Groundball, 34D)
Batting: RHB Richard Bass 0-0: Fly out, F6 (Popup, 56)
Batting: SHB Gordon Beatty 0-0: Ball
1-0: SINGLE (Groundball, 6MD)
Brian Brown to second
Batting: SHB Alfonso Guerra 0-0: Called Strike
0-1: Ball
1-1: Called Strike
1-2: Ball
2-2: Ball
3-2: Fly out, F7 (Flyball, 78S)
Now in LF: Jorge Paredes
Batting: LHB Bob Huerta 0-0: Ball
1-0: Fielders Choice at 2nd, 4-6 (Groundball, 34D)
Bottom of the 2nd over - 0 run(s), 2 hit(s), 0 error(s), 1 left on base; Elkins 4 - Oceanside 0
TOP OF THE 3RD
Elkins Sting Rays batting - Pitching for Oceanside Swamp Foxes : LHP Miguel Olivarez
Batting: RHB Ryan Nelson 0-0: Called Strike
0-1: Ball
1-1: Ground out U3 (Groundball, 34S)
Batting: RHB Bill Andrews 0-0: Called Strike
0-1: Swinging Strike
0-2: Foul Ball, location: 2F
0-2: Strikes out swinging
Batting: LHB Ángel Flores 0-0: Ball
1-0: Foul Ball, location: 2F
1-1: Swinging Strike
1-2: Foul Ball, location: 2F
1-2: Ball
2-2: Fly out, F5 (Popup, 5S)
Top of the 3rd over - 0 run(s), 0 hit(s), 0 error(s), 0 left on base; Elkins 4 - Oceanside 0
BOTTOM OF THE 3RD
Oceanside Swamp Foxes batting - Pitching for Elkins Sting Rays : LHP Mario Lugo
Batting: RHB Michael Reed 0-0: Foul Ball, location: 2F
0-1: SINGLE (Flyball, 8LS)
Batting: RHB Armando García 0-0: Foul Ball, location: 2F
0-1: Ball
1-1: Ball
2-1: DOUBLE (Line Drive, 89D)
Michael Reed to third
Batting: RHB Carlos Sánchez 0-0: Called Strike
0-1: Ball
1-1: Foul Ball, location: 2F
1-2: Strikes out swinging
Batting: RHB Salvador Castro 0-0: Foul Ball, location: 2F
0-1: Foul Ball, location: 2F
0-2: Foul Ball, location: 2F
0-2: Ball
1-2: Strikes out looking
Batting: RHB Brian Brown 0-0: Ball
1-0: Ball
2-0: Fly out, F9 (Line Drive, 9)
Bottom of the 3rd over - 0 run(s), 2 hit(s), 0 error(s), 2 left on base; Elkins 4 - Oceanside 0
TOP OF THE 4TH
Elkins Sting Rays batting - Pitching for Oceanside Swamp Foxes : LHP Miguel Olivarez
Batting: SHB Ron Winston 0-0: Swinging Strike
0-1: Ball
1-1: Ball
2-1: SINGLE (Flyball, 9LM)
Batting: LHB Carlos Músquez 0-0: Ball
1-0: Ball
2-0: Swinging Strike
2-1: SINGLE (Line Drive, 56D)
Ron Winston to second
Batting: SHB Rodolphe Dettori 0-0: Foul Ball, location: 2F
0-1: Called Strike
0-2: Foul Ball, location: 2F
0-2: Foul Ball, location: 2F
0-2: Strikes out swinging
Batting: RHB Armando Blanco 0-0: Swinging Strike
0-1: Ball
1-1: Swinging Strike
1-2: Ball
2-2: Ball
3-2: Foul Ball, location: 2F
3-2: Strikes out swinging
Batting: RHB Jorge Paredes 0-0: Fielders Choice at 2nd, 5-4 (Groundball, 5)
Top of the 4th over - 0 run(s), 2 hit(s), 0 error(s), 1 left on base; Elkins 4 - Oceanside 0
BOTTOM OF THE 4TH
Oceanside Swamp Foxes batting - Pitching for Elkins Sting Rays : LHP Mario Lugo
Batting: RHB Richard Bass 0-0: Called Strike
0-1: Ball
1-1: Foul Ball, location: 2F
1-2: Ball
2-2: Ground out 6-3 (Groundball, 6)
Batting: SHB Gordon Beatty 0-0: Foul Ball, location: 2F
0-1: Ball
1-1: SINGLE (Groundball, 56D)
Batting: SHB Alfonso Guerra 0-0: Called Strike
0-1: Foul Ball, location: 2F
0-2: Fly out, F9 (Flyball, 9LSF)
Batting: LHB Bob Huerta 0-0: Ball
1-0: Called Strike
1-1: Called Strike
1-2: Ground out 4-3 (Groundball, 34)
Bottom of the 4th over - 0 run(s), 1 hit(s), 0 error(s), 1 left on base; Elkins 4 - Oceanside 0
TOP OF THE 5TH
Elkins Sting Rays batting - Pitching for Oceanside Swamp Foxes : LHP Miguel Olivarez
Batting: RHB Pedro Betancourt 0-0: Ball
1-0: Ground out 4-3 (Groundball, 4)
Batting: RHB Ryan Nelson 0-0: Foul Ball, location: 2F
0-1: Ball
1-1: Ball
2-1: Ball
3-1: TRIPLE (Line Drive, 8RD)
Batting: RHB Bill Andrews 0-0: Ball
1-0: Called Strike
1-1: Swinging Strike
1-2: Strikes out swinging
Batting: LHB Ángel Flores 0-0: Intentional Walk
Pitching: RHP Ramón Rodríguez
Batting: SHB Ron Winston 0-0: Foul Ball, location: 2F
0-1: Foul Ball, location: 2F
0-2: Fly out, F8 (Line Drive, 78S)
Top of the 5th over - 0 run(s), 1 hit(s), 0 error(s), 2 left on base; Elkins 4 - Oceanside 0
BOTTOM OF THE 5TH
Oceanside Swamp Foxes batting - Pitching for Elkins Sting Rays : LHP Mario Lugo
Batting: RHB Michael Reed 0-0: Foul Ball, location: 2F
0-1: Swinging Strike
0-2: Ball
1-2: SINGLE (Line Drive, 56D)
Batting: RHB Armando García 0-0: Foul Ball, location: 2F
0-1: Ball
1-1: Ball
2-1: Called Strike
2-2: Fly out, F8 (Flyball, 8LM)
Batting: RHB Carlos Sánchez 0-0: Ball
1-0: Ball
2-0: Called Strike
2-1: DOUBLE (Line Drive, 9D)
Michael Reed to third
Runner from 3rd tries for Home, SAFE, no throw
Batting: RHB Salvador Castro 0-0: Ball
1-0: Ball
Wild Pitch!
Carlos Sánchez to third
2-0: Ball
3-0: Called Strike
3-1: Called Strike
3-2: Base on Balls
Batting: RHB Brian Brown 0-0: Foul Ball, location: 2F
0-1: Ball
1-1: Foul Ball, location: 2F
1-2: Strikes out swinging
Batting: RHB Richard Bass 0-0: Called Strike
0-1: Ball
1-1: Ball
Wild Pitch!
Carlos Sánchez scores
Salvador Castro to second
2-1: Swinging Strike
2-2: Ground out 4-3 (Groundball, 4)
Bottom of the 5th over - 2 run(s), 2 hit(s), 0 error(s), 1 left on base; Elkins 4 - Oceanside 2
TOP OF THE 6TH
Elkins Sting Rays batting - Pitching for Oceanside Swamp Foxes : RHP Ramón Rodríguez
Batting: LHB Carlos Músquez 0-0: Called Strike
0-1: Ball
1-1: Foul Ball, location: 2F
1-2: Foul Ball, location: 2F
1-2: Ball
2-2: Ball
3-2: Strikes out swinging
Batting: SHB Rodolphe Dettori 0-0: Called Strike
0-1: Fly out, F9 (Line Drive, 9)
Batting: RHB Armando Blanco 0-0: Ground out 5-3 (Groundball, 56)
Top of the 6th over - 0 run(s), 0 hit(s), 0 error(s), 0 left on base; Elkins 4 - Oceanside 2
BOTTOM OF THE 6TH
Oceanside Swamp Foxes batting - Pitching for Elkins Sting Rays : LHP Mario Lugo
Batting: SHB Gordon Beatty 0-0: Ball
1-0: Foul Ball, location: 2F
1-1: Ball
2-1: Foul Ball, location: 2F
2-2: Strikes out swinging
Batting: SHB Alfonso Guerra 0-0: Called Strike
0-1: Ball
1-1: Ball
2-1: Called Strike
2-2: Strikes out swinging
Batting: LHB Bob Huerta 0-0: Foul Ball, location: 2F
0-1: Ball
1-1: Called Strike
1-2: Ball
2-2: Fly out, F7 (Flyball, 78S)
Bottom of the 6th over - 0 run(s), 0 hit(s), 0 error(s), 0 left on base; Elkins 4 - Oceanside 2
TOP OF THE 7TH
Elkins Sting Rays batting - Pitching for Oceanside Swamp Foxes : RHP Ramón Rodríguez
Batting: RHB Jorge Paredes 0-0: Ball
1-0: Fly out, F4 (Popup, 4S)
Batting: RHB Pedro Betancourt 0-0: Called Strike
0-1: Called Strike
0-2: Ball
1-2: Ball
2-2: Foul Ball, location: 2F
2-2: Fly out, F5 (Line Drive, 56)
Batting: RHB Ryan Nelson 0-0: Called Strike
0-1: Called Strike
0-2: Ball
1-2: Strikes out looking
Top of the 7th over - 0 run(s), 0 hit(s), 0 error(s), 0 left on base; Elkins 4 - Oceanside 2
BOTTOM OF THE 7TH
Oceanside Swamp Foxes batting - Pitching for Elkins Sting Rays : LHP Mario Lugo
Batting: RHB Michael Reed 0-0: Ball
1-0: Ball
2-0: SINGLE (Groundball, 56D)
Batting: RHB Armando García 0-0: Called Strike
0-1: Fly out, F4 (Line Drive, 4M)
Batting: RHB Carlos Sánchez 0-0: Ball
1-0: Called Strike
1-1: Swinging Strike
1-2: Fly out, F9 (Flyball, 89M)
Batting: RHB Salvador Castro 0-0: Called Strike
0-1: Ball
1-1: Swinging Strike
1-2: Ball
2-2: Strikes out swinging
Bottom of the 7th over - 0 run(s), 1 hit(s), 0 error(s), 1 left on base; Elkins 4 - Oceanside 2
TOP OF THE 8TH
Elkins Sting Rays batting - Pitching for Oceanside Swamp Foxes : RHP Ramón Rodríguez
Batting: RHB Bill Andrews 0-0: Ball
1-0: Ball
2-0: Swinging Strike
2-1: Ball
3-1: Foul Ball, location: 2F
3-2: Base on Balls
Batting: LHB Ángel Flores 0-0: Ball
1-0: Ball
2-0: Ball
3-0: Called Strike
3-1: Foul Ball, location: 2F
3-2: Fly out, F8 (Flyball, 78S)
Batting: SHB Ron Winston 0-0: Ball
1-0: Foul Ball, location: 2F
1-1: Ball
2-1: Ball
3-1: Called Strike
3-2: Base on Balls
Bill Andrews to second
Batting: LHB Carlos Músquez 0-0: Ball
1-0: Called Strike
1-1: Swinging Strike
1-2: Ball
Wild Pitch!
Bill Andrews to third
Ron Winston to second
2-2: Ball
3-2: Intentional Walk
Batting: SHB Rodolphe Dettori 0-0: Ball
1-0: Ball
2-0: Swinging Strike
2-1: Grounds into fielders choice 3-2 (Groundball, 3)
Ron Winston to third
Carlos Músquez to second
Pitching: RHP Ramón Martínez
Pinch Hitting: LHB Freddy Torres 0-0: Called Strike
0-1: Ball
1-1: Ball
2-1: Foul Ball, location: 2F
2-2: Strikes out swinging
Top of the 8th over - 0 run(s), 0 hit(s), 0 error(s), 3 left on base; Elkins 4 - Oceanside 2
BOTTOM OF THE 8TH
Oceanside Swamp Foxes batting - Pitching for Elkins Sting Rays : LHP Mario Lugo
Pitching: LHP Peter Turner
Now at 3B: Freddy Torres
Batting: RHB Brian Brown 0-0: Ball
1-0: Ball
2-0: Foul Ball, location: 2F
2-1: Ground out 6-3 (Groundball, 6)
Batting: RHB Richard Bass 0-0: Reached on error, E6 (Groundball, 6M)
Batting: SHB Gordon Beatty 0-0: Foul Ball, location: 2F
0-1: Swinging Strike
0-2: Foul Ball, location: 2F
0-2: Strikes out swinging
Batting: SHB Alfonso Guerra 0-0: Foul Ball, location: 2F
0-1: Ball
1-1: Ball
2-1: Foul Ball, location: 2F
2-2: Ball
3-2: Foul Ball, location: 2F
3-2: Strikes out swinging
Bottom of the 8th over - 0 run(s), 0 hit(s), 1 error(s), 1 left on base; Elkins 4 - Oceanside 2
TOP OF THE 9TH
Elkins Sting Rays batting - Pitching for Oceanside Swamp Foxes : RHP Ramón Martínez
Batting: RHB Jorge Paredes 0-0: Called Strike
0-1: Ball
1-1: Ground out 5-3 (Groundball, 56)
Batting: RHB Pedro Betancourt 0-0: Ball
1-0: Ball
2-0: Foul Ball, location: 2F
2-1: Ball
3-1: Foul Ball, location: 2F
3-2: Foul Ball, location: 2F
3-2: Strikes out swinging
Batting: RHB Ryan Nelson 0-0: Called Strike
0-1: Ball
1-1: Foul Ball, location: 2F
1-2: Ball
2-2: Ball
3-2: Ground out 4-3 (Groundball, 4)
Top of the 9th over - 0 run(s), 0 hit(s), 0 error(s), 0 left on base; Elkins 4 - Oceanside 2
BOTTOM OF THE 9TH
Oceanside Swamp Foxes batting - Pitching for Elkins Sting Rays : LHP Peter Turner
Batting: LHB Bob Huerta 0-0: Called Strike
0-1: Swinging Strike
0-2: Strikes out swinging
Batting: RHB Michael Reed 0-0: SINGLE (Groundball, 34S) (infield hit)
Batting: RHB Armando García 0-0: DOUBLE (Line Drive, 7)
Michael Reed to third
Batting: RHB Carlos Sánchez 0-0: Ball
1-0: SINGLE (Groundball, 34D)
Michael Reed scores
Armando García to third
Batting: RHB Salvador Castro 0-0: Foul Ball, location: 2F
0-1: Ball
1-1: Ball
2-1: SINGLE (Line Drive, 6MD)
Armando García scores
Carlos Sánchez to second
Batting: RHB Brian Brown 0-0: Ball
1-0: Ball
2-0: Foul Ball, location: 2F
2-1: Foul Ball, location: 2F
2-2: Foul Ball, location: 2F
2-2: Ball
3-2: Fly out, F3 (Line Drive, 34)
Lined into DP, U3 (Line Drive, 34)
Bottom of the 9th over - 2 run(s), 4 hit(s), 0 error(s), 1 left on base; Elkins 4 - Oceanside 4
TOP OF THE 10TH
Elkins Sting Rays batting - Pitching for Oceanside Swamp Foxes : RHP Ramón Martínez
Pitching: RHP Wilson Díaz
Batting: RHB Bill Andrews 0-0: Called Strike
0-1: Swinging Strike
0-2: Strikes out swinging
Batting: LHB Ángel Flores 0-0: Ground out 6-3 (Groundball, 6M)
Batting: SHB Ron Winston 0-0: Ball
1-0: Swinging Strike
1-1: Swinging Strike
1-2: Strikes out swinging, 2-3 out at first.
Top of the 10th over - 0 run(s), 0 hit(s), 0 error(s), 0 left on base; Elkins 4 - Oceanside 4
BOTTOM OF THE 10TH
Oceanside Swamp Foxes batting - Pitching for Elkins Sting Rays : LHP Peter Turner
Batting: RHB Richard Bass 0-0: Ball
1-0: Ball
2-0: Fly out, F9 (Flyball, 9LM)
Batting: SHB Gordon Beatty 0-0: Called Strike
0-1: Ball
1-1: Swinging Strike
1-2: Ball
2-2: Strikes out swinging
Batting: SHB Alfonso Guerra 0-0: Ball
1-0: SINGLE (Groundball, 4MD)
Batting: LHB Bob Huerta 0-0: Called Strike
0-1: Foul Ball, location: 2F
0-2: Strikes out swinging
Bottom of the 10th over - 0 run(s), 1 hit(s), 0 error(s), 1 left on base; Elkins 4 - Oceanside 4
TOP OF THE 11TH
Elkins Sting Rays batting - Pitching for Oceanside Swamp Foxes : RHP Wilson Díaz
Batting: LHB Carlos Músquez 0-0: Ground out U3 (Groundball, 34)
Pinch Hitting: RHB Pietro Ciccoritti 0-0: Ground out 4-3 (Groundball, 4MD)
Batting: LHB Freddy Torres 0-0: Swinging Strike
0-1: Foul Ball, location: 2F
0-2: SOLO HOME RUN (Flyball, 9LD), Distance : 340 ft
Batting: RHB Jorge Paredes 0-0: Foul Ball, location: 2F
0-1: Ground out 5-3 (Groundball, 56S)
Top of the 11th over - 1 run(s), 1 hit(s), 0 error(s), 0 left on base; Elkins 5 - Oceanside 4
BOTTOM OF THE 11TH
Oceanside Swamp Foxes batting - Pitching for Elkins Sting Rays : LHP Peter Turner
Now at C: Pietro Ciccoritti
Batting: RHB Michael Reed 0-0: SINGLE (Line Drive, 3D)
Batting: RHB Armando García 0-0: Called Strike
0-1: 2-RUN HOME RUN (Flyball, 7D), Distance : 374 ft
Tuesday, August 8th, 2017 - OOTP Baseball 17.12 Build 75